 Dungeon Crawl Stone Soup version 0.28.0-53-g5a82cb258f (webtiles) character file.

Game seed: 2008929450260260679

2205 Kranky the Spear-Bearer (level 9, -1/81 HPs)
             Began as a Minotaur Berserker on June 18, 2022.
             Was a Priest of Trog.
             Killed from afar by Maggie (23 damage)
             ... with a bolt of fire
             ... on level 6 of the Dungeon.
             The game lasted 00:12:41 (7055 turns).

Kranky the Spear-Bearer (Minotaur Berserker)        Turns: 7055, Time: 00:12:42

Health: -1/81      AC: 12    Str: 26    XL:     9   Next: 12%
Magic:  0/8        EV: 11    Int:  4    God:    Trog [***...]
Gold:   212        SH:  0    Dex: 10    Spells: 8/8 levels left

rFire   . . .      SeeInvis .   z - +0 scythe
rCold   + . .      Faith    .   (shield currently unavailable)
rNeg    . . .      Spirit   +   m - +2 ring mail {rC+}
rPois   .          Reflect  .   (helmet restricted)
rElec   .          Harm     .   q - +2 cloak
rCorr   .          Rampage  .   (no gloves)
Will    .....                   (no boots)
Stlth   ..........              e - amulet of guardian spirit
HPRegen 0.23/turn               (no ring)
MPRegen 0.11/turn               (no ring)

@: mesmerised
A: horns 2, retaliatory headbutt
a: Renounce Religion, Berserk, Trog's Hand


You were on level 6 of the Dungeon.
You worshipped Trog.
Trog was most pleased with you.
You visited 1 branch of the dungeon, and saw 6 of its levels.

You collected 212 gold pieces.

Inventory:

Hand Weapons
 a - a +0 spear
 z - a +0 scythe (weapon)
Armour
 b - a +0 animal skin
 h - a +0 chain mail
 m - a +2 ring mail of cold resistance (worn)
 q - a +2 cloak (worn)
Jewellery
 e - an amulet of guardian spirit (around neck)
 s - a ring of willpower
Wands
 l - a wand of flame (8)
 A - a wand of paralysis (11)
Scrolls
 c - a scroll of amnesia {unknown}
 d - 7 scrolls of identify {unknown}
 g - 6 scrolls of teleportation {unknown}
 i - a scroll of torment {unknown}
 j - 2 scrolls of fog {unknown}
 k - a scroll of acquirement {unknown}
 n - 2 scrolls of enchant armour {unknown}
 o - a scroll of enchant weapon {unknown}
 p - a scroll of brand weapon {unknown}
 t - a scroll of fear {unknown}
 v - a scroll of blinking {unknown}
 y - a scroll of vulnerability {unknown}
Potions
 f - 2 potions of might {unknown}
 r - 3 potions of brilliance {unknown}
 u - 2 potions of lignification {unknown}
 w - 2 potions of curing {unknown}
 x - 2 potions of degeneration {unknown}


   Skills:
 + Level 7.9 Fighting
 + Level 10.4 Polearms
 + Level 8.5 Armour
 - Level 2.1 Dodging


You had 8 spell levels left.
You didn't know any spells.
Your spell library was empty.

Dungeon Overview and Level Annotations

Branches:
Dungeon (6/15)             Temple (0/1) D:5

Altars:
Cheibriados

Shops:
D:5 [

Annotations:
D:6 1 runed translucent door, Crazy Yiuf, Maggie


Innate Abilities, Weirdness & Mutations

You have a pair of horns on your head.
You reflexively headbutt those who attack you in melee.


Message History

Trog accepts your kill.
Your life force feels restored.
You open the door.
There is an open door here.
d - 7 scrolls labelled WYDGHIPS TUFAL (gained 1)
There is an open door here.
There is an escape hatch in the ceiling here.
Found a stone staircase leading up.
There is a stone staircase leading up here.
Found a stone staircase leading down.
Maggie the Vainglorious comes into view.
She is wielding a +0 halberd.
Found 15 sling bullets.
Maggie hits you but does no damage.
You reach to attack!
You slash Maggie!
Maggie is moderately wounded.
Maggie points at you and mumbles some strange words.
The bolt of fire hits you!
You reach to attack!
You barely miss Maggie.
Maggie is moderately wounded.
Maggie mutters to herself, "Master Lance won't take me back.
This is the way forward."
Maggie mumbles some strange words.
Maggie attempts to bespell you!
You are mesmerised by Maggie!
Maggie points at you and mumbles some strange words.
The bolt of fire hits you!!
Maggie points at you and mumbles some strange words.
The bolt of fire hits you!
You hit Maggie.
Maggie is moderately wounded.
Maggie hits you with a +0 halberd.
You slash Maggie! You headbutt Maggie.
Maggie is heavily wounded.
Maggie gestures wildly while chanting.
Maggie draws you further into her thrall.
Maggie hits you with a +0 halberd.
* * * LOW HITPOINT WARNING * * *
You slice Maggie!!
Maggie is almost dead.
Maggie casts a spell at you. The bolt of fire hits you!!
You die...

#.# #.# #. ### #.# ..
..######.# #
#.####(##...#.#
#.#.#.##.##.#.#.#
#.#>#.##.##.#.#.# . #
#........##.#.#.# ###
###.#.#...##@##.#.#.# #..
....#.....##@##.#.#.# #.#
......#.#.#####.#.#.#
#.######.......#...<#.#.#
............#####.###.#.#
#....|............# #.#.#
....#################.#.#
#.##................#.#.#
#.##.##############.#.#.#


You could see Maggie (mesmerising).

Vanquished Creatures
  Pikel (D:3)
  Sigmund (D:6)
  Eustachio (D:6)
  A black bear (D:5)
  2 ogres (D:5)
  A lemure (D:4)
  A phantom (D:6)
  Blork the orc (D:4)
  A scorpion (D:5)
  2 water moccasin skeletons (D:5)
  5 wights (D:4)
  A howler monkey (D:5)
  A centaur zombie (D:5)
  A jelly (D:4)
  3 hounds
  2 orc priests
  A bullfrog skeleton (D:4)
  A centaur skeleton (D:6)
  2 iguanas
  Natasha (thrice) (D:2)
  An orc wizard (D:2)
  8 gnolls
  3 adders
  An adder skeleton (D:4)
  3 worms (D:2)
  A dart slug (D:2)
  21 orcs
  6 ball pythons
  4 endoplasms
  2 giant cockroaches (D:1)
  10 goblins
  13 hobgoblins
  7 jackals (D:2)
  A quokka (D:3)
  3 bats
  4 frilled lizards
  12 kobolds
  4 rats
136 creatures vanquished.

Notes
Turn   | Place    | Note
-------+----------+-------------------------------------------
     0 | D:1      | Kranky the Minotaur Berserker began the quest for the Orb.
     0 | D:1      | Reached XP level 1. HP: 19/19 MP: 0/0
   250 | D:1      | Reached XP level 2. HP: 26/27 MP: 1/1
   263 | D:1      | Reached skill level 4 in Polearms
   476 | D:1      | Found a faded altar of an unknown god.
   908 | D:2      | Reached ** piety under Trog
   915 | D:2      | Reached XP level 3. HP: 23/34 MP: 2/2
  1263 | D:2      | Noticed Natasha
  1270 | D:2      | Killed Natasha
  1271 | D:2      | Reached XP level 4. HP: 35/41 MP: 3/3
  1543 | D:2      | Reached skill level 5 in Polearms
  1598 | D:2      | Noticed Natasha
  1611 | D:2      | Killed Natasha
  1693 | D:2      | Noticed Natasha
  1706 | D:2      | Killed Natasha
  1707 | D:2      | Reached skill level 5 in Fighting
  1859 | D:2      | Reached XP level 5. HP: 46/48 MP: 2/4
  2524 | D:3      | Found a snail-covered altar of Cheibriados.
  2524 | D:3      | You fall into a shaft and drop 2 floors!
  2524 | D:5      | Entered Level 5 of the Dungeon
  2540 | D:5      | Reached skill level 6 in Polearms
  2681 | D:5      | Noticed a black bear
  2681 | D:5      | Found Goarokee's Antique Armour Emporium.
  3160 | D:4      | Reached XP level 6. HP: 32/56 MP: 3/5
  3368 | D:4      | Reached *** piety under Trog
  3606 | D:4      | Noticed Pikel
  3674 | D:3      | Killed Pikel
  3675 | D:3      | Reached skill level 8 in Polearms
  3675 | D:3      | Reached XP level 7. HP: 17/63 MP: 2/6
  3914 | D:4      | Noticed Blork the orc
  3929 | D:4      | Killed Blork the orc
  4042 | D:4      | Reached XP level 8. HP: 47/71 MP: 4/7
  5133 | D:5      | Reached skill level 9 in Polearms
  5405 | D:5      | Found a staircase to the Ecumenical Temple.
  5966 | D:5      | Reached **** piety under Trog
  6193 | D:6      | Noticed Sigmund
  6430 | D:6      | Killed Sigmund
  6431 | D:6      | Reached skill level 10 in Polearms
  6463 | D:6      | Reached XP level 9. HP: 80/80 MP: 8/8
  6491 | D:6      | Noticed Eustachio
  6510 | D:6      | Killed Eustachio
  6786 | D:6      | Found a runed translucent door.
  6787 | D:6      | Noticed Crazy Yiuf
  7049 | D:6      | Noticed Maggie
  7055 | D:6      | Killed from afar by Maggie

Illustrated notes

Levels and vault maps discovered:
D:1:      eino_arrival_druids_welcome, layout_basic,
          hellmonk_ecumenical_altar_run_dry
D:2:      minmay_kobold_bridge, layout_loops_ring, uniq_natasha
D:3:      layout_loops_corners, amcnicky_altar_gilded
D:4:      layout_basic, uniq_pikel, uniq_blork_the_orc
D:5:      corexii_shantytown, layout_cave_pools, temple_statues,
          serial_column_ruins, column_ruins_grid_3, column_ruins_columns_plus,
          column_ruins_grid_1, column_ruins_open_large, column_ruins_open_tiny,
          serial_shops, shop
D:6:      layout_basic, nicolae_figureground_sparkle, uniq_crazy_yiuf_cottage,
          uniq_eustachio, uniq_maggie, uniq_edmund, uniq_sigmund

Skill      XL: |  1  2  3  4  5  6  7  8 |
---------------+-------------------------+-----
Fighting       | 4 5 6 7 |  7.9
Polearms       | 4 5 6 8 10 | 10.4
Armour         | 3 4 6 8 |  8.5
Dodging        | |  2.1

Action                   |  1- 3 |  4- 6 |  7- 9 || total
-------------------------+-------+-------+-------++-------
Melee: Spear             |   107 |   183 |   234 ||   524
       Headbutt          |    15 |    29 |    44 ||    88
       Punch             |     1 |       |     4 ||     5
       Scythe            |       |       |    33 ||    33
Invok: Trog's Hand       |       |     1 |     2 ||     3
       Berserk           |       |     1 |       ||     1
Armor: Animal skin       |     3 |       |       ||     3
       Chain mail        |    23 |    27 |       ||    50
       Ring mail         |       |    25 |    53 ||    78
Dodge: Dodged            |    29 |    60 |    93 ||   182
